TOP OF THE 1ST |
University of Alabama Crimson Tide batting - Pitching for Louisiana State University Tigers : LHP Jim Unknown
|
Pitching: LHP Jim Unknown
|
|
Batting: RHB Jim Unknown
|
0-0: TRIPLE (Flyball, 7LD, EV 93.8 MPH)
|
Batting: RHB Jim Unknown
|
0-0: Ball 1-0: Ball 2-0: Swinging Strike 2-1: Foul Ball, location: 2F 2-2: Foul Ball, location: 2F 2-2: Foul Ball, location: 2F 2-2: Ball 3-2: Strikes out swinging
|
Batting: RHB Jim Unknown
|
0-0: Reached via error on a dropped throw from 3B, E3 (Groundball, 5, EV 87.5 MPH) Jim Unknown scores
|
Batting: RHB Jim Unknown
|
0-0: Ball 1-0: Foul Ball, location: 2F 1-1: Called Strike 1-2: Strikes out swinging
|
Batting: SHB Jim Unknown
|
0-0: Ball 1-0: Foul Ball, location: 2F 1-1: Ball 2-1: Foul Ball, location: 2F 2-2: Fly out, F5 (Line Drive, 5, EV 69.4 MPH)
|
Top of the 1st over - 1 run, 1 hit, 1 error, 1 left on base; University of Alabama 1 - Louisiana State University 0 |
BOTTOM OF THE 1ST |
Louisiana State University Tigers batting - Pitching for University of Alabama Crimson Tide : LHP Jim Unknown
|
Pitching: LHP Jim Unknown
|
|
Batting: RHB Jim Unknown
|
0-0: Ball 1-0: Ball 2-0: Ball 3-0: Base on Balls
|
Batting: RHB Jim Unknown
|
0-0: Hit by Pitch Jim Unknown to second
|
Batting: LHB Jim Unknown
|
0-0: Foul Ball, location: 2F 0-1: Ball 1-1: Ball 2-1: Called Strike 2-2: SINGLE (Line Drive, 6MD, EV 97.5 MPH) Jim Unknown to third Jim Unknown to second
|
Batting: RHB Jim Unknown
|
0-0: Swinging Strike 0-1: Ball 1-1: Foul Ball, location: 2F Balk! Jim Unknown scores Jim Unknown to third Jim Unknown to second 1-2: Strikes out swinging
|
Batting: RHB Jim Unknown
|
0-0: Ball 1-0: Swinging Strike 1-1: Foul Ball, location: 2F 1-2: SINGLE (Groundball, 56S, EV 65.0 MPH) (infield hit) Jim Unknown scores Jim Unknown to third
|
Batting: RHB Jim Unknown
|
0-0: Ball 1-0: Reached on error, E5 (Groundball, 56, EV 101.9 MPH) Jim Unknown scores Jim Unknown to second
|
Batting: RHB Jim Unknown
|
0-0: Ball 1-0: Called Strike 1-1: Called Strike 1-2: DOUBLE (Line Drive, 89XD, EV 105.0 MPH) Jim Unknown scores Jim Unknown to third Runner from 3rd tries for Home, SAFE, throw by RF to home
|
Batting: RHB Jim Unknown
|
0-0: Foul Ball, location: 2F 0-1: Fly out, F9 (Flyball, 9LS, EV 95.6 MPH)
|
Batting: RHB Jim Unknown
|
0-0: Ball 1-0: Foul Ball, location: 2F 1-1: Fly out, F7 (Flyball, 78M, EV 85.6 MPH)
|
Bottom of the 1st over - 5 runs, 3 hits, 1 error, 1 left on base; University of Alabama 1 - Louisiana State University 5 |
TOP OF THE 2ND |
University of Alabama Crimson Tide batting - Pitching for Louisiana State University Tigers : LHP Jim Unknown
|
Batting: RHB Jim Unknown
|
0-0: Ball 1-0: Ball 2-0: Ball 3-0: Base on Balls
|
Batting: RHB Jim Unknown
|
0-0: Called Strike 0-1: SINGLE (Groundball, 6MD, EV 95.0 MPH) Jim Unknown to second
|
Batting: RHB Jim Unknown
|
0-0: Ball 1-0: Ball 2-0: Ball 3-0: Base on Balls Jim Unknown to third Jim Unknown to second
|
Batting: RHB Jim Unknown
|
0-0: Ball 1-0: Foul Ball, location: 2F 1-1: Foul Ball, location: 2F 1-2: Foul Ball, location: 2F 1-2: Foul Ball, location: 2F 1-2: Foul Ball, location: 2F 1-2: Reached on error, E4 (Groundball, 4, EV 83.1 MPH) Jim Unknown scores Jim Unknown to third Jim Unknown to second
|
Batting: RHB Jim Unknown
|
0-0: Ball 1-0: Called Strike 1-1: Foul Ball, location: 2F 1-2: Hit by Pitch Jim Unknown scores Jim Unknown to third Jim Unknown to second
|
Batting: RHB Jim Unknown
|
0-0: Ball 1-0: Grounds into double play, 5-4-3 (Groundball, 56S, EV 88.1 MPH) Jim Unknown scores Jim Unknown to third
|
Batting: RHB Jim Unknown
|
0-0: Ball 1-0: Ball 2-0: Ball 3-0: Base on Balls
|
Batting: RHB Jim Unknown
|
0-0: Called Strike 0-1: Foul Ball, location: 2F 0-2: Ball 1-2: Fly out, F1 (Popup, 13, EV 83.8 MPH)
|
Top of the 2nd over - 3 runs, 1 hit, 1 error, 2 left on base; University of Alabama 4 - Louisiana State University 5 |
BOTTOM OF THE 2ND |
Louisiana State University Tigers batting - Pitching for University of Alabama Crimson Tide : LHP Jim Unknown
|
Batting: RHB Jim Unknown
|
0-0: Called Strike 0-1: Ball 1-1: Ball 2-1: Foul Ball, location: 2F 2-2: Strikes out swinging
|
Batting: RHB Jim Unknown
|
0-0: Ball 1-0: Ball 2-0: Called Strike 2-1: Ball 3-1: Base on Balls
|
Batting: LHB Jim Unknown
|
0-0: Called Strike 0-1: DOUBLE (Line Drive, 9D, EV 98.1 MPH) Jim Unknown to third
|
Pitching: RHP Jim Unknown
|
|
Batting: RHB Jim Unknown
|
0-0: Called Strike 0-1: Ball 1-1: Called Strike 1-2: Foul Ball, location: 2F 1-2: Ball 2-2: Strikes out swinging
|
Batting: RHB Jim Unknown
|
0-0: Called Strike 0-1: SINGLE (Groundball, 6, EV 97.5 MPH) Jim Unknown scores Jim Unknown to third
|
Batting: RHB Jim Unknown
|
0-0: Ball 1-0: Ball 2-0: Foul Ball, location: 2F 2-1: Foul Ball, location: 2F 2-2: Fly out, F9 (Line Drive, 9D, EV 90.6 MPH)
|
Bottom of the 2nd over - 1 run, 2 hits, 0 errors, 2 left on base; University of Alabama 4 - Louisiana State University 6 |
TOP OF THE 3RD |
University of Alabama Crimson Tide batting - Pitching for Louisiana State University Tigers : LHP Jim Unknown
|
Batting: SHB Jim Unknown
|
0-0: Called Strike 0-1: Ball 1-1: Swinging Strike 1-2: Foul Ball, location: 2F 1-2: Strikes out swinging
|
Batting: RHB Jim Unknown
|
0-0: SINGLE (Groundball, 6, EV 95.0 MPH)
|
Batting: RHB Jim Unknown
|
0-0: Ball 1-0: Ball 2-0: Called Strike 2-1: Ball 3-1: Ground out U3 (Groundball, 3S, EV 65.0 MPH) Jim Unknown to second
|
Batting: RHB Jim Unknown
|
0-0: Called Strike 0-1: Ball 1-1: Foul Ball, location: 2F 1-2: Ground out 6-3 (Groundball, 6, EV 87.5 MPH)
|
Top of the 3rd over - 0 runs, 1 hit, 0 errors, 1 left on base; University of Alabama 4 - Louisiana State University 6 |
BOTTOM OF THE 3RD |
Louisiana State University Tigers batting - Pitching for University of Alabama Crimson Tide : RHP Jim Unknown
|
Batting: RHB Jim Unknown
|
0-0: Called Strike 0-1: Foul Ball, location: 2F 0-2: Ball 1-2: Single, Error in OF, E7, batter to second base (Groundball, 56D, EV 95.0 MPH)
|
Batting: RHB Jim Unknown
|
0-0: Foul Ball, location: 2F 0-1: Called Strike 0-2: Strikes out swinging
|
Batting: RHB Jim Unknown
|
0-0: Called Strike 0-1: Ball 1-1: Ball 2-1: Swinging Strike 2-2: Foul Ball, location: 2F 2-2: Ball 3-2: Fly out, F9 (Flyball, 9, EV 93.1 MPH)
|
Batting: RHB Jim Unknown
|
0-0: Foul Ball, location: 2F 0-1: Foul Ball, location: 2F 0-2: Ball 1-2: Foul Ball, location: 2F 1-2: Ball 2-2: Ball 3-2: Foul Ball, location: 2F 3-2: SINGLE (Groundball, 6, EV 99.4 MPH) Jim Unknown to third Runner from 3rd tries for Home, SAFE, throw by CF to home
|
Batting: RHB Jim Unknown
|
0-0: Called Strike 0-1: Ball Jim Unknown steals 2nd base 1-1: Foul Ball, location: 2F 1-2: Fly out, F8 (Flyball, 8RS, EV 83.8 MPH)
|
Bottom of the 3rd over - 1 run, 2 hits, 1 error, 1 left on base; University of Alabama 4 - Louisiana State University 7 |
TOP OF THE 4TH |
University of Alabama Crimson Tide batting - Pitching for Louisiana State University Tigers : LHP Jim Unknown
|
Batting: RHB Jim Unknown
|
0-0: Ball 1-0: Fly out, F4 (Line Drive, 4, EV 62.5 MPH)
|
Batting: RHB Jim Unknown
|
0-0: Foul Ball, location: 2F 0-1: Ball 1-1: Ball 2-1: Ball 3-1: Foul Ball, location: 2F 3-2: SINGLE (Flyball, 7S, EV 96.2 MPH)
|
Batting: RHB Jim Unknown
|
0-0: Foul Ball, location: 2F 0-1: Ball Wild Pitch! Jim Unknown to second 1-1: Swinging Strike 1-2: Fly out, F3 (Popup, 3F, EV 69.4 MPH)
|
Batting: RHB Jim Unknown
|
0-0: Fly out, F8 (Flyball, 8RD, EV 91.2 MPH)
|
Top of the 4th over - 0 runs, 1 hit, 0 errors, 1 left on base; University of Alabama 4 - Louisiana State University 7 |
BOTTOM OF THE 4TH |
Louisiana State University Tigers batting - Pitching for University of Alabama Crimson Tide : RHP Jim Unknown
|
Batting: LHB Jim Unknown
|
0-0: Ball 1-0: Foul Ball, location: 2F 1-1: Foul Ball, location: 2F 1-2: Foul Ball, location: 2F 1-2: Foul Ball, location: 2F 1-2: Foul Ball, location: 2F 1-2: SINGLE (Groundball, 56D, EV 103.8 MPH)
|
Batting: RHB Jim Unknown
|
0-0: Called Strike 0-1: Foul Ball, location: 2F 0-2: Ball 1-2: Strikes out swinging
|
Pitching: RHP Jim Unknown
|
|
Batting: RHB Jim Unknown
|
0-0: Ball 1-0: Foul Ball, location: 2F 1-1: Ball 2-1: Ball 3-1: Called Strike 3-2: Foul Ball, location: 2F 3-2: SINGLE (Flyball, 34D, EV 96.9 MPH) Jim Unknown to second
|
Batting: RHB Jim Unknown
|
0-0: Ball 1-0: Fielders Choice at 2nd, 3-6 (Groundball, 34, EV 80.6 MPH) Jim Unknown to third
|
Batting: RHB Jim Unknown
|
0-0: Ball 1-0: Called Strike 1-1: Ball 2-1: SINGLE (Groundball, 6M, EV 98.1 MPH) (infield hit) Jim Unknown scores Jim Unknown to second
|
Batting: RHB Jim Unknown
|
0-0: Ball 1-0: Foul Ball, location: 2F 1-1: Ball 2-1: Ball 3-1: Base on Balls Jim Unknown to third Jim Unknown to second
|
Batting: RHB Jim Unknown
|
0-0: Swinging Strike 0-1: Swinging Strike 0-2: Ball 1-2: Strikes out swinging
|
Bottom of the 4th over - 1 run, 3 hits, 0 errors, 3 left on base; University of Alabama 4 - Louisiana State University 8 |
TOP OF THE 5TH |
University of Alabama Crimson Tide batting - Pitching for Louisiana State University Tigers : LHP Jim Unknown
|
Pitching: RHP Jim Unknown
|
|
Batting: RHB Jim Unknown
|
0-0: Called Strike 0-1: Ball 1-1: Ball 2-1: Ball 3-1: Foul Ball, location: 2F 3-2: Fly out, F4 (Popup, 4, EV 65.6 MPH)
|
Batting: SHB Jim Unknown
|
0-0: Swinging Strike 0-1: Swinging Strike 0-2: Strikes out swinging
|
Batting: RHB Jim Unknown
|
0-0: Ball 1-0: Called Strike 1-1: Called Strike 1-2: Fly out, F5 (Popup, 5L, EV 66.9 MPH)
|
Top of the 5th over - 0 runs, 0 hits, 0 errors, 0 left on base; University of Alabama 4 - Louisiana State University 8 |
BOTTOM OF THE 5TH |
Louisiana State University Tigers batting - Pitching for University of Alabama Crimson Tide : RHP Jim Unknown
|
Batting: RHB Jim Unknown
|
0-0: Called Strike 0-1: Foul Ball, location: 2F 0-2: Foul Ball, location: 2F 0-2: Ground out 4-3 (Groundball, 4, EV 110.0 MPH)
|
Batting: RHB Jim Unknown
|
0-0: Called Strike 0-1: Fly out, F9 (Flyball, 9LM, EV 93.1 MPH)
|
Batting: LHB Jim Unknown
|
0-0: Foul Ball, location: 2F 0-1: Fly out, F4 (Popup, 4S, EV 64.4 MPH)
|
Bottom of the 5th over - 0 runs, 0 hits, 0 errors, 0 left on base; University of Alabama 4 - Louisiana State University 8 |
TOP OF THE 6TH |
University of Alabama Crimson Tide batting - Pitching for Louisiana State University Tigers : RHP Jim Unknown
|
Batting: RHB Jim Unknown
|
0-0: Called Strike 0-1: Ground out 6-3 (Groundball, 6S, EV 68.1 MPH)
|
Batting: RHB Jim Unknown
|
0-0: Foul Ball, location: 2F 0-1: Reached on error, E5 (Groundball, 56S, EV 79.4 MPH)
|
Batting: RHB Jim Unknown
|
0-0: Fly out, F7 (Flyball, 78M, EV 87.5 MPH)
|
Batting: RHB Jim Unknown
|
0-0: Called Strike 0-1: Ball 1-1: Called Strike 1-2: Strikes out swinging
|
Top of the 6th over - 0 runs, 0 hits, 1 error, 1 left on base; University of Alabama 4 - Louisiana State University 8 |
BOTTOM OF THE 6TH |
Louisiana State University Tigers batting - Pitching for University of Alabama Crimson Tide : RHP Jim Unknown
|
Batting: RHB Jim Unknown
|
0-0: Called Strike 0-1: Ball 1-1: Ball 2-1: Reached via error on a dropped throw from 1B, E1 (Groundball, 34, EV 101.2 MPH)
|
Batting: RHB Jim Unknown
|
0-0: Ball 1-0: Ball 2-0: Called Strike 2-1: Foul Ball, location: 9LSF, Error on foul ball, E9 2-2: Grounds into double play, 3-6-3 (Groundball, 34, EV 84.4 MPH)
|
Batting: RHB Jim Unknown
|
0-0: Ball 1-0: Called Strike 1-1: Called Strike 1-2: SINGLE (Groundball, 6MD, EV 105.0 MPH)
|
Batting: RHB Jim Unknown
|
0-0: Ball 1-0: Foul Ball, location: 2F 1-1: SINGLE (Groundball, 56D, EV 103.1 MPH) Jim Unknown to second
|
Batting: RHB Jim Unknown
|
0-0: Ball 1-0: Foul Ball, location: 2F 1-1: Fielders Choice at 2nd, 6-4 (Groundball, 6, EV 90.0 MPH)
|
Bottom of the 6th over - 0 runs, 2 hits, 2 errors, 2 left on base; University of Alabama 4 - Louisiana State University 8 |
TOP OF THE 7TH |
University of Alabama Crimson Tide batting - Pitching for Louisiana State University Tigers : RHP Jim Unknown
|
Batting: RHB Jim Unknown
|
0-0: Ball 1-0: Called Strike 1-1: Called Strike 1-2: Foul Ball, location: 2F 1-2: Foul Ball, location: 2F 1-2: Foul Ball, location: 2F 1-2: Ball 2-2: Ball 3-2: Foul Ball, location: 2F 3-2: Foul Ball, location: 2F 3-2: SINGLE (Groundball, 4MD, EV 104.4 MPH)
|
Batting: RHB Jim Unknown
|
0-0: Ball 1-0: Foul Ball, location: 2F 1-1: Foul Ball, location: 2F 1-2: SINGLE (Line Drive, 9S, EV 93.1 MPH) Jim Unknown to second Runner from 2nd tries for 3rd, SAFE, throw by RF made to third
|
Batting: RHB Jim Unknown
|
0-0: Called Strike 0-1: Ball 1-1: Foul Ball, location: 2F 1-2: Foul Ball, location: 2F 1-2: Ball 2-2: Ball 3-2: DOUBLE (Flyball, 8LXD, EV 104.4 MPH) Jim Unknown scores Jim Unknown to third
|
Pitching: LHP Jim Unknown
|
|
Batting: SHB Jim Unknown
|
0-0: Fly out, F8 (Flyball, 8RD, EV 104.4 MPH) Runner from 3rd tags up, OUT at HOME! 8-2 Jim Unknown to third
|
Batting: RHB Jim Unknown
|
0-0: Ball 1-0: Ball 2-0: Called Strike 2-1: SINGLE (Groundball, 3D, EV 102.5 MPH) Jim Unknown scores
|
Batting: RHB Jim Unknown
|
0-0: Swinging Strike 0-1: Swinging Strike 0-2: Strikes out swinging
|
Top of the 7th over - 2 runs, 4 hits, 0 errors, 1 left on base; University of Alabama 6 - Louisiana State University 8 |
BOTTOM OF THE 7TH |
Louisiana State University Tigers batting - Pitching for University of Alabama Crimson Tide : RHP Jim Unknown
|
Pitching: LHP Jim Unknown
|
|
Batting: RHB Jim Unknown
|
0-0: Swinging Strike 0-1: Swinging Strike 0-2: Ball 1-2: Foul Ball, location: 2F 1-2: Strikes out swinging, 2-3 out at first.
|
Batting: RHB Jim Unknown
|
0-0: Ball 1-0: Called Strike 1-1: Called Strike 1-2: SINGLE (Groundball, 5, EV 95.6 MPH)
|
Batting: RHB Jim Unknown
|
0-0: Foul Ball, location: 2F 0-1: Foul Ball, location: 2F 0-2: Fielders Choice at 2nd, 6-4 (Groundball, 6S, EV 84.4 MPH)
|
Batting: LHB Jim Unknown
|
0-0: Called Strike 0-1: Swinging Strike 0-2: Ball 1-2: Fielders Choice at 2nd, 5-4 (Groundball, 56, EV 103.1 MPH)
|
Bottom of the 7th over - 0 runs, 1 hit, 0 errors, 1 left on base; University of Alabama 6 - Louisiana State University 8 |
TOP OF THE 8TH |
University of Alabama Crimson Tide batting - Pitching for Louisiana State University Tigers : LHP Jim Unknown
|
Batting: RHB Jim Unknown
|
0-0: Ball 1-0: Ball 2-0: Foul Ball, location: 2F 2-1: Ball 3-1: Called Strike 3-2: Fly out, F4 (Popup, 23, EV 87.5 MPH)
|
Batting: RHB Jim Unknown
|
0-0: Ball 1-0: Foul Ball, location: 2F 1-1: Swinging Strike 1-2: Ball 2-2: Hit by Pitch
|
Batting: RHB Jim Unknown
|
0-0: Ball 1-0: Called Strike 1-1: Foul Ball, location: 2F 1-2: Strikes out swinging
|
Batting: RHB Jim Unknown
|
0-0: Called Strike 0-1: Ball 1-1: Ball 2-1: Called Strike 2-2: Foul Ball, location: 2F 2-2: Ball 3-2: SINGLE (Groundball, 56D, EV 101.9 MPH) Jim Unknown to second Jim Unknown to third
|
Batting: RHB Jim Unknown
|
0-0: Called Strike 0-1: Ball 1-1: Swinging Strike 1-2: Foul Ball, location: 2F 1-2: SINGLE (Line Drive, 8RM, EV 102.5 MPH) Jim Unknown scores Jim Unknown to second Runner from 2nd tries for 3rd, SAFE, throw by CF made to third Jim Unknown to second
|
Batting: RHB Jim Unknown
|
0-0: Ball 1-0: Foul Ball, location: 2F 1-1: Ball 2-1: Ball 3-1: Foul Ball, location: 2F 3-2: Base on Balls
|
Pitching: RHP Jim Unknown
|
|
Batting: SHB Jim Unknown
|
0-0: Called Strike 0-1: Ball 1-1: Foul Ball, location: 2F 1-2: Ball 2-2: Strikes out swinging
|
Top of the 8th over - 1 run, 2 hits, 0 errors, 3 left on base; University of Alabama 7 - Louisiana State University 8 |
BOTTOM OF THE 8TH |
Louisiana State University Tigers batting - Pitching for University of Alabama Crimson Tide : LHP Jim Unknown
|
Batting: RHB Jim Unknown
|
0-0: Ball 1-0: Ball 2-0: Called Strike 2-1: Reached on error, E6 (Groundball, 6MD, EV 89.4 MPH)
|
Batting: RHB Jim Unknown
|
0-0: Called Strike 0-1: Grounds into double play, 3-6-3 (Groundball, 34S, EV 92.5 MPH)
|
Batting: RHB Jim Unknown
|
0-0: Ball 1-0: Ground out 6-3 (Groundball, 6S, EV 85.6 MPH)
|
Bottom of the 8th over - 0 runs, 0 hits, 1 error, 0 left on base; University of Alabama 7 - Louisiana State University 8 |
TOP OF THE 9TH |
University of Alabama Crimson Tide batting - Pitching for Louisiana State University Tigers : RHP Jim Unknown
|
Batting: RHB Jim Unknown
|
0-0: Swinging Strike 0-1: Ball 1-1: SINGLE (Groundball, 56D, EV 103.1 MPH)
|
Batting: RHB Jim Unknown
|
0-0: Ball 1-0: Called Strike 1-1: Ball 2-1: Ball 3-1: Base on Balls Jim Unknown to second
|
Batting: RHB Jim Unknown
|
0-0: Ball 1-0: Ball 2-0: Called Strike 2-1: Foul Ball, location: 2F 2-2: Ball 3-2: Base on Balls Jim Unknown to third Jim Unknown to second
|
Batting: RHB Jim Unknown
|
0-0: Swinging Strike 0-1: Ball 1-1: Ball 2-1: Ball 3-1: Foul Ball, location: 2F 3-2: Foul Ball, location: 2F 3-2: Base on Balls Jim Unknown scores Jim Unknown to third Jim Unknown to second
|
Batting: RHB Jim Unknown
|
0-0: Called Strike 0-1: Ball 1-1: Swinging Strike 1-2: Grounds into fielders choice 4-2 (Groundball, 4S, EV 86.9 MPH) Jim Unknown to third Jim Unknown to second
|
Batting: RHB Jim Unknown
|
0-0: Ball 1-0: Ball 2-0: Called Strike 2-1: Swinging Strike 2-2: Foul Ball, location: 2F 2-2: Strikes out looking
|
Batting: RHB Jim Unknown
|
0-0: Foul Ball, location: 2F 0-1: Called Strike 0-2: Strikes out swinging
|
Top of the 9th over - 1 run, 1 hit, 0 errors, 3 left on base; University of Alabama 8 - Louisiana State University 8 |
BOTTOM OF THE 9TH |
Louisiana State University Tigers batting - Pitching for University of Alabama Crimson Tide : LHP Jim Unknown
|
Pitching: RHP Jim Unknown
|
|
Batting: RHB Jim Unknown
|
0-0: Ball 1-0: Called Strike 1-1: Swinging Strike 1-2: Strikes out looking
|
Batting: RHB Jim Unknown
|
0-0: Ground out 1-3 (Groundball, 34S, EV 60.6 MPH)
|
Batting: RHB Jim Unknown
|
0-0: Called Strike 0-1: Ground out 5-3 (Groundball, 56S, EV 78.8 MPH)
|
Bottom of the 9th over - 0 runs, 0 hits, 0 errors, 0 left on base; University of Alabama 8 - Louisiana State University 8 |
TOP OF THE 10TH |
University of Alabama Crimson Tide batting - Pitching for Louisiana State University Tigers : RHP Jim Unknown
|
Pitching: RHP Jim Unknown
|
|
Batting: RHB Jim Unknown
|
0-0: Reached on error, E7 (Flyball, 7, EV 79.4 MPH)
|
Batting: SHB Jim Unknown
|
0-0: Called Strike 0-1: Fly out, F8 (Flyball, 8LS, EV 87.5 MPH)
|
Batting: RHB Jim Unknown
|
0-0: Called Strike 0-1: Called Strike 0-2: Strikes out swinging
|
Batting: RHB Jim Unknown
|
0-0: Called Strike 0-1: Ball 1-1: Foul Ball, location: 2F 1-2: Foul Ball, location: 2F 1-2: Foul Ball, location: 2F 1-2: Foul Ball, location: 2F 1-2: Ground out 1-3 (Groundball, 13S, EV 67.5 MPH)
|
Top of the 10th over - 0 runs, 0 hits, 1 error, 1 left on base; University of Alabama 8 - Louisiana State University 8 |
BOTTOM OF THE 10TH |
Louisiana State University Tigers batting - Pitching for University of Alabama Crimson Tide : RHP Jim Unknown
|
Pitching: RHP Jim Unknown
|
|
Batting: RHB Jim Unknown
|
0-0: Swinging Strike 0-1: Ground out 5-3 (Groundball, 56S, EV 88.8 MPH)
|
Batting: RHB Jim Unknown
|
0-0: SINGLE (Line Drive, 78M, EV 96.9 MPH)
|
Batting: LHB Jim Unknown
|
Pickoff Throw to First - Out! 1-3 0-0: Called Strike 0-1: Ball 1-1: Fly out, F9 (Line Drive, 9, EV 95.6 MPH)
|
Bottom of the 10th over - 0 runs, 1 hit, 0 errors, 0 left on base; University of Alabama 8 - Louisiana State University 8 |
TOP OF THE 11TH |
University of Alabama Crimson Tide batting - Pitching for Louisiana State University Tigers : RHP Jim Unknown
|
Batting: RHB Jim Unknown
|
0-0: Fly out, F7 (Flyball, 78S, EV 90.6 MPH)
|
Batting: RHB Jim Unknown
|
0-0: Called Strike 0-1: Ground out 6-3 (Groundball, 6, EV 89.4 MPH)
|
Batting: RHB Jim Unknown
|
0-0: Ball 1-0: Ball 2-0: SINGLE (Line Drive, 5D, EV 93.8 MPH)
|
Batting: RHB Jim Unknown
|
0-0: Called Strike 0-1: Fly out, F9 (Flyball, 9LS, EV 88.1 MPH)
|
Top of the 11th over - 0 runs, 1 hit, 0 errors, 1 left on base; University of Alabama 8 - Louisiana State University 8 |
BOTTOM OF THE 11TH |
Louisiana State University Tigers batting - Pitching for University of Alabama Crimson Tide : RHP Jim Unknown
|
Batting: RHB Jim Unknown
|
0-0: Called Strike 0-1: Ball 1-1: Ball 2-1: Ball 3-1: Called Strike 3-2: Foul Ball, location: 2F 3-2: Strikes out looking
|
Batting: RHB Jim Unknown
|
0-0: Ball 1-0: Ball 2-0: SINGLE (Line Drive, 8RS, EV 100.0 MPH)
|
Batting: RHB Jim Unknown
|
0-0: Called Strike 0-1: Ball 1-1: Called Strike 1-2: Fielders Choice at 2nd, 6-4 (Groundball, 56, EV 84.4 MPH)
|
Batting: RHB Jim Unknown
|
0-0: Ball 1-0: Called Strike 1-1: Ball 2-1: Ball 3-1: Base on Balls Jim Unknown to second
|
Batting: RHB Jim Unknown
|
0-0: Called Strike 0-1: Ball 1-1: Ball 2-1: Foul Ball, location: 2F 2-2: Strikes out swinging
|
Bottom of the 11th over - 0 runs, 1 hit, 0 errors, 2 left on base; University of Alabama 8 - Louisiana State University 8 |
TOP OF THE 12TH |
University of Alabama Crimson Tide batting - Pitching for Louisiana State University Tigers : RHP Jim Unknown
|
Batting: RHB Jim Unknown
|
0-0: Called Strike 0-1: Ball 1-1: Ball 2-1: Called Strike 2-2: Ball 3-2: Fly out, F4 (Popup, 34D, EV 60.6 MPH)
|
Batting: RHB Jim Unknown
|
0-0: Ball 1-0: Ball 2-0: Ground out 6-3 (Groundball, 6, EV 106.9 MPH)
|
Batting: SHB Jim Unknown
|
0-0: Ball 1-0: Called Strike 1-1: Ball 2-1: Ball 3-1: Fly out, F8 (Flyball, 78M, EV 81.2 MPH)
|
Top of the 12th over - 0 runs, 0 hits, 0 errors, 0 left on base; University of Alabama 8 - Louisiana State University 8 |
BOTTOM OF THE 12TH |
Louisiana State University Tigers batting - Pitching for University of Alabama Crimson Tide : RHP Jim Unknown
|
Batting: RHB Jim Unknown
|
0-0: Called Strike 0-1: SINGLE (Groundball, 56S, EV 63.1 MPH) (infield hit)
|
Batting: RHB Jim Unknown
|
0-0: Bunted foul 0-1: Bunted foul 0-2: Strikes out swinging
|
Batting: RHB Jim Unknown
|
0-0: Fielders Choice at 2nd, 1-4 (Groundball, P, EV 68.1 MPH)
|
Batting: LHB Jim Unknown
|
0-0: Called Strike 0-1: Foul Ball, location: 2F 0-2: Fly out, F9 (Flyball, 9, EV 98.1 MPH)
|
Bottom of the 12th over - 0 runs, 1 hit, 0 errors, 1 left on base; University of Alabama 8 - Louisiana State University 8 |
TOP OF THE 13TH |
University of Alabama Crimson Tide batting - Pitching for Louisiana State University Tigers : RHP Jim Unknown
|
Batting: RHB Jim Unknown
|
0-0: Called Strike 0-1: Ball 1-1: Foul Ball, location: 2F 1-2: Ball 2-2: Ball 3-2: Foul Ball, location: 2F 3-2: Ground out 4-3 (Groundball, 13, EV 90.0 MPH)
|
Batting: RHB Jim Unknown
|
0-0: Foul Ball, location: 2F 0-1: Ball 1-1: DOUBLE (Groundball, 3L, EV 96.9 MPH)
|
Pitching: RHP Jim Unknown
|
|
Batting: RHB Jim Unknown
|
0-0: Called Strike 0-1: Swinging Strike 0-2: Ball 1-2: Ball 2-2: Fly out, F5 (Popup, 5S, EV 73.1 MPH)
|
Batting: RHB Jim Unknown
|
0-0: Called Strike 0-1: Ball 1-1: Foul Ball, location: 2F 1-2: Ground out 5-3 (Groundball, 56S, EV 88.1 MPH)
|
Top of the 13th over - 0 runs, 1 hit, 0 errors, 1 left on base; University of Alabama 8 - Louisiana State University 8 |
BOTTOM OF THE 13TH |
Louisiana State University Tigers batting - Pitching for University of Alabama Crimson Tide : RHP Jim Unknown
|
Batting: RHB Jim Unknown
|
0-0: Ground out 6-3 (Groundball, 6, EV 81.9 MPH)
|
Batting: RHB Jim Unknown
|
0-0: SINGLE (Flyball, 34D, EV 93.1 MPH)
|
Batting: RHB Jim Unknown
|
0-0: Foul Ball, location: 2F 0-1: Foul Ball, location: 2F 0-2: Reached on error, E4 (Groundball, 4, EV 108.8 MPH) Jim Unknown to second
|
Batting: RHB Jim Unknown
|
0-0: Ball Passed Ball! Jim Unknown to third Jim Unknown to second 1-0: Intentional Walk
|
Batting: RHB Jim Unknown
|
0-0: Called Strike 0-1: Foul Ball, location: 2F 0-2: Ball 1-2: Foul Ball, location: 2F 1-2: Ball 2-2: Ball 3-2: Grounds into fielders choice 6-2 (Groundball, 6, EV 87.5 MPH) Jim Unknown to third Jim Unknown to second
|
Batting: RHB Jim Unknown
|
0-0: Called Strike 0-1: Ball 1-1: Ball 2-1: Foul Ball, location: 2F 2-2: Ball 3-2: Base on Balls Jim Unknown scores Jim Unknown to third Jim Unknown to second
|
Bottom of the 13th over - 1 run, 1 hit, 1 error, 0 left on base; University of Alabama 8 - Louisiana State University 9 |
|
Game Over ... Louisiana State University defeats University of Alabama, 9 to 8
|
|
|